 Dungeon Crawl Stone Soup version 0.23.2-1-ga50397a6bc (webtiles) character file.

Game seed: 16759415750198396870

62 MachJacob the Shooter (level 3, 0/30 HPs)
             Began as a Centaur Hunter on Apr 17, 2019.
             Slain by a hound (2 damage)
             ... on level 3 of the Dungeon.
             The game lasted 00:07:57 (2118 turns).

MachJacob the Shooter (Centaur Hunter)              Turns: 2118, Time: 00:07:57

Health: 0/30       AC:  5    Str: 14    XL:     3   Next: 85%
Magic:  3/3        EV:  9    Int: 10    God:
Gold:   162        SH:  0    Dex: 10    Spells: 2/2 levels left

rFire    . . .     SeeInvis .   a - +1 shortbow
rCold    . . .     Gourm    .   (shield currently unavailable)
rNeg     . . .     Faith    .   c - +0 leather armour
rPois    .         Spirit   .   s - +0 helmet
rElec    .         Reflect  .   (no cloak)
rCorr    .         Harm     .   (no gloves)
MR       .....                  (no barding)
Stlth    +.........             (no amulet)
HPRegen  0.10/turn              (no ring)
MPRegen  0.08/turn              (no ring)

@: very quick
A: large, hooves 3, deformed body, speed 2, tough skin 3
a: no special abilities


You were on level 3 of the Dungeon.
You were not hungry.

You visited 1 branch of the dungeon, and saw 3 of its levels.

You collected 162 gold pieces.

Inventory:

Hand Weapons
 a - a +1 shortbow (weapon)
 b - a +0 short sword
Armour
 c - a +0 leather armour (worn)
 s - a +0 helmet (worn)
Jewellery
 o - an uncursed amulet of magic regeneration
Scrolls
 j - 3 scrolls of identify
 k - a scroll of remove curse {unknown}
 l - a scroll of teleportation
 m - 3 scrolls of blinking
 n - a scroll of amnesia {unknown}
 p - a scroll of fear {unknown}
 t - a scroll of fog {unknown}
Potions
 e - a potion of degeneration {unknown}
 g - a potion of mutation {unknown}
 i - a potion of heal wounds {unknown}
 q - a potion of lignification {unknown}
 r - a potion of ambrosia
Comestibles
 f - 5 rations
 h - 2 chunks of flesh


   Skills:
 + Level 2.6 Fighting
 + Level 5.8 Bows
 + Level 2.0 Dodging
 + Level 1.2 Stealth


You had 2 spell levels left.
You didn't know any spells.
Your spell library was empty.

Dungeon Overview and Level Annotations

Branches:
Dungeon (3/15)

Altars:
Ashenzari
Cheibriados

Annotations:
D:3 1 runed translucent door, Crazy Yiuf


Innate Abilities, Weirdness & Mutations

You have hooves in place of feet.
Armour fits poorly on your strangely shaped body.
You cover ground very quickly.
You have extremely tough skin. (AC +3)


Message History

The hound bites you. The hobgoblin hits you.
You clumsily bash the hobgoblin but do no damage.
The hound closely misses you. The hound bites you but does no damage.
The hobgoblin hits you but does no damage.
The hobgoblin completely misses you. The hound bites you.
You clumsily bash the hobgoblin but do no damage.
Your kick misses the hobgoblin. The hound closely misses you.
The hobgoblin hits you but does no damage.
The hound closely misses you.
You clumsily bash the hobgoblin but do no damage.
Your kick misses the hobgoblin. The hound bites you. The hobgoblin hits you.
* * * LOW HITPOINT WARNING * * *
The hound bites you but does no damage. The hobgoblin hits you.
* * * LOW HITPOINT WARNING * * *
You completely miss the hobgoblin. You kick the hobgoblin.
The hobgoblin is severely wounded.
The hound bites you.
* * * LOW HITPOINT WARNING * * *
The hound bites you.
You die...

.#. #. (.. #.
#(# #.
#[#########.
#.(.........
#o.######.## ..#
#..# #.#
.....########..#
#.#
....?.g@hoo....#
#.#
#....#########.#
#.# ... ..# #.#
# ### #.# #.##
#... #..# #..#
#..#


You could see a hound, an orc priest, an orc and a hobgoblin.

Vanquished Creatures
  2 adders (D:2)
  A worm (D:2)
  An orc (D:3)
  5 giant cockroaches
  4 goblins
  4 hobgoblins (D:1)
  A ball python (D:1)
  9 bats
  5 frilled lizards
  2 kobolds (D:1)
  7 rats
41 creatures vanquished.

Notes
Turn   | Place    | Note
-------+----------+-------------------------------------------
     0 | D:1      | MachJacob the Centaur Hunter began the quest for the Orb.
     0 | D:1      | Reached XP level 1. HP: 17/17 MP: 1/1
     6 | D:1      | Noticed a komodo dragon
     6 | D:1      | Noticed a wolf
     7 | D:1      | Noticed a black bear
   223 | D:1      | Reached XP level 2. HP: 23/24 MP: 2/2
   703 | D:1      | Reached skill level 1 in Stealth
   972 | D:2      | Reached XP level 3. HP: 30/30 MP: 3/3
  1612 | D:2      | Found a snail-covered altar of Cheibriados.
  1657 | D:2      | Found a shattered altar of Ashenzari.
  2074 | D:3      | Found a runed translucent door.
  2075 | D:3      | Noticed Crazy Yiuf
  2118 | D:3      | Slain by a hound

Skill      XL: |  1  2  3 |
---------------+----------+-----
Stealth        | 1 |  1.2
Dodging        | 2 |  2.0
Fighting       | |  2.6
Bows           | |  5.8

Action                   || total
-------------------------++-------
Melee: Shortbow          ||    22
       Kick              ||     4
 Fire: Shortbow          ||   130
  Use: Scroll            ||     4
       Potion            ||     1
  Eat: Chunk             ||     2
Armor: Leather armour    ||    27
Dodge: Dodged            ||    29
